Map: Prion Terraces

Players

Alexi

  • Race: Zerg Zerg
  • League: Diamond

Wellmet - Winner!

  • Race: Terran Terran
  • League: Platinum

VOD

Have the link to the VOD?

Description

Time

  • Played on: Nov. 11, 2015, 10:54 p.m.
  • Length: 11:23
Show
View Real Time Build Order
Export as new Build Order

Alexi Zerg 

Build Orders: Hatch First, Roach Nydus 

Get SALT Encoding   

  12  0:00  Drone  
  13  0:14  Overlord  
  13  0:22  Drone  
  14  0:32  Drone x2  
  16  0:36  Drone  
  17  0:47  Drone  
  18  0:59  Hatchery, Drone  
  18  1:05  Extractor  
  18  1:08  Drone  
  18  1:18  Spawning Pool  
  18  1:20  Drone  
  18  1:29  Drone  
  19  1:40  Overlord  
  19  1:53  Drone  
  20  2:03  Drone  
  20  2:06  Metabolic Boost, Queen  
  23  2:11  Zergling x2, Queen  
  23  2:13  Zergling x2  
  27  2:22  Zergling x2  
  28  2:23  Overlord  
  28  2:39  Overlord  
  28  2:40  Drone  
  29  2:54  Queen  
  29  2:56  Overlord  
  29  2:57  Drone x3  
  34  3:13  Drone x2  
  34  3:14  Lair  
  34  3:16  Drone x2  
  34  3:17  Drone, Extractor  
  38  3:20  Drone  
  38  3:22  Drone  
  38  3:26  Drone  
  41  3:29  Drone  
  41  3:30  Drone  
  43  3:39  Drone x3  
  46  3:45  Drone  
  46  3:47  Overlord  
  48  3:48  Drone x2  
  48  3:52  Drone  
  48  3:54  Extractor  
  49  3:56  Extractor  
  48  4:06  Roach Warren  
  48  4:08  Drone x2, Baneling Nest  
  48  4:09  Drone x2  
  50  4:10  Drone  
  51  4:19  Drone x4  
  51  4:21  Overlord  
  55  4:29  Nydus Network  
  55  4:31  Overlord  
  54  4:37  Overseer  
  54  4:47  Roach  
  54  4:48  Roach x4  
  54  4:51  Zergling x2  
  65  4:53  Roach x2  
  65  4:55  Roach  
  71  5:00  Roach  
  71  5:04  Roach  
  75  5:25  Overlord  
  75  5:26  Overlord x2  
  75  5:45  Roach  
  75  5:46  Roach x7  
  91  5:50  Roach  
  91  5:54  Nydus Canal  
  81  6:12  Roach  
  81  6:13  Roach x5  
  81  6:15  Queen x2  
  96  6:28  Baneling x2  
  83  7:04  Roach  
  83  7:05  Roach x8  
  83  7:17  Zergling x4  
  79  7:25  Queen x2  
  83  7:32  Hatchery  
  78  7:46  Roach x2  
  78  7:47  Roach x4  
  64  8:13  Drone x5  
  64  8:14  Drone  
  60  8:24  Drone  
  60  8:25  Drone  
  62  8:29  Spire  
  59  8:41  Evolution Chamber  
  58  8:42  Evolution Chamber  
  58  8:43  Drone x4  
  58  8:44  Drone x2, Baneling Nest  
  58  8:47  Queen  
  65  9:04  Zergling x14  
  65  9:07  Ravager x3  
  65  9:08  Ravager x4  
  65  9:09  Zerg Missile Weapons Level 1  
  79  9:10  Zerg Ground Armor Level 1  
  79  9:15  Drone x2  
  81  9:38  Hatchery  
  80  9:41  Mutalisk x4  
  80  9:43  Mutalisk  
  86  10:16  Hydralisk Den  
  85  10:24  Roach x5  
  85  10:25  Roach x2  
  85  10:28  Hatchery, Roach  
  98  10:33  Overlord x2  
  100  10:36  Baneling  
  100  10:37  Baneling x9  
Show
View Real Time Build Order
Export as new Build Order

Wellmet Terran - Winner!

Build Orders: Reaper Expand, MMM Bio 

Get SALT Encoding   

  12  0:01  SCV  
  13  0:13  SCV  
  14  0:18  Supply Depot  
  14  0:25  SCV  
  15  0:40  SCV  
  16  0:44  Barracks  
  16  0:47  Refinery  
  16  0:52  SCV  
  17  1:06  SCV  
  18  1:19  SCV  
  19  1:32  Orbital Command  
  19  1:33  Reaper  
  20  1:42  Command Center  
  20  1:50  Supply Depot  
  20  1:59  SCV  
  21  2:10  Barracks Reactor  
  21  2:12  SCV  
  22  2:26  SCV  
  22  2:27  Factory  
  23  2:38  SCV  
  23  2:42  Command Center  
  24  2:51  SCV  
  25  2:54  Marine x2  
  25  2:56  Orbital Command  
  27  3:03  SCV  
  28  3:12  Starport  
  28  3:17  SCV  
  28  3:19  Refinery  
  29  3:21  Hellion  
  29  3:23  SCV  
  34  3:27  Hellion  
  34  3:31  SCV  
  34  3:32  Marine  
  36  3:35  SCV  
  36  3:45  Hellion  
  36  3:46  SCV, Bunker  
  41  3:48  Hellion  
  41  3:54  Barracks Tech Lab, Viking  
  43  3:56  SCV  
  43  4:02  Orbital Command  
  44  4:05  SCV  
  46  4:10  SCV  
  46  4:13  Hellion  
  46  4:15  Hellion  
  51  4:17  SCV  
  51  4:19  Marine  
  51  4:21  Stimpack  
  51  4:22  SCV  
  53  4:29  SCV x2  
  55  4:35  Starport Reactor  
  55  4:36  Supply Depot  
  55  4:37  SCV  
  56  4:41  SCV  
  57  4:47  SCV  
  57  4:48  Factory Reactor, Barracks  
  57  4:49  SCV  
  57  4:50  Marine  
  60  4:53  Barracks, Orbital Command  
  60  4:55  SCV  
  61  5:02  Barracks  
  61  5:04  SCV  
  62  5:07  SCV  
  62  5:10  Refinery  
  62  5:13  Marauder  
  65  5:15  Refinery  
  65  5:16  SCV  
  65  5:19  SCV  
  68  5:21  SCV  
  68  5:23  Starport Reactor  
  68  5:33  SCV, Factory Tech Lab  
  68  5:34  Engineering Bay  
  69  5:39  Engineering Bay  
  69  5:43  Marine x2  
  69  5:44  SCV, Supply Depot  
  69  5:46  Supply Depot  
  69  5:47  Marauder  
  69  5:48  Supply Depot  
  69  5:49  SCV  
  75  5:53  Marine x2  
  77  6:01  Marine  
  75  6:08  Siege Tank, Medivac x2  
  75  6:09  Marine x2  
  75  6:13  Bunker, Marine x2  
  75  6:15  Marine x2  
  77  6:21  Marine  
  77  6:29  Marine x2  
  75  6:34  Marine  
  75  6:35  Marine x2  
  75  6:36  SCV x2  
  75  6:38  Marine  
  75  6:39  Supply Depot  
  78  6:40  Siege Tank  
  81  6:47  Marine x2  
  81  6:52  Marine  
  81  6:53  Marine  
  85  6:58  SCV x2  
  83  7:01  Marine  
  83  7:05  Marine x2  
  83  7:06  Terran Infantry Weapons Level 1, Terran Infantry Armor Level 1  
  83  7:07  Barracks  
  86  7:11  SCV x2  
  86  7:12  Barracks  
  86  7:13  Barracks  
  89  7:17  Marine  
  89  7:19  Siege Tank  
  86  7:22  SCV  
  86  7:24  Starport  
  86  7:26  Marine x2  
  87  7:35  Marine x2  
  87  7:36  Marine  
  90  7:43  SCV x2  
  92  7:44  Marine  
  92  7:48  SCV  
  94  7:55  SCV x2  
  94  7:57  Marine x2  
  95  8:00  Marine  
  95  8:03  Marine x5  
  94  8:12  Supply Depot  
  88  8:15  Marine x2  
  88  8:16  SCV  
  88  8:17  SCV  
  88  8:18  Marine  
  87  8:20  Marine  
  87  8:21  Marine x2  
  87  8:23  Medivac  
  91  8:33  Marine x2  
  91  8:34  Siege Tank  
  96  8:42  Barracks Reactor x2  
  96  8:43  Barracks Reactor  
  96  8:45  Armory, Marine x2  
  96  8:47  SCV x2  
  96  8:48  Command Center  
  100  8:49  Command Center  
  100  8:54  Starport Reactor  
  100  8:59  Supply Depot  
  100  9:01  Marauder  
  102  9:07  Siege Tank  
  105  9:12  SCV x2, Marine x2  
  105  9:16  Combat Shields  
  109  9:21  SCV  
  109  9:22  Marine x5  
  109  9:24  SCV  
  116  9:25  Supply Depot, Barracks  
  116  9:27  Supply Depot, Barracks  
  116  9:31  Marine  
  117  9:39  Supply Depot  
  117  9:45  Refinery  
  117  9:46  Marine x5  
  117  9:50  Medivac  
  124  9:56  Marine x3  
  124  9:57  Marine  
  128  10:00  Marine  
  128  10:05  Marine x2  
  131  10:12  Marine x2  
  131  10:14  Marine x2  
  132  10:18  Marine x2  
  132  10:20  Siege Tank  
  132  10:21  Medivac x2  
  141  10:22  Barracks Reactor x2  
  141  10:24  Marine x2  
  141  10:27  Barracks  
  145  10:29  Command Center, Barracks, Marine x3  
  148  10:38  Marine x2  
  149  10:45  Marine x2  
  149  10:53  Marine x2  
  147  10:57  Marine x2  
  147  10:59  Missile Turret, Marine  
  147  11:00  Marine x2  
  120  11:05  Missile Turret, Marine x2  
  116  11:20  Missile Turret  
Tags
 
Add a new tag
Caveats
  • Supply blocks, unpowered buildings, or Contaminate may cause inaccurate times.
  • Supply counts are checked every 10 seconds.